 Dungeon Crawl Stone Soup version 0.29.1-15-g9cfb28693d (webtiles) character file.

Game seed: 12346367588294844679

2 hawla the Caller (level 1, -2/14 HPs)
             Began as a Meteoran Summoner on Apr 6, 2023.
             Succumbed to a scorpion's poison
             ... on level 3 of the Dungeon.
             The game lasted 00:00:48 (244 turns).

hawla the Caller (Meteoran Summoner)                 Turns: 244, Time: 00:00:48

Health: -2/14      AC:  2    Str:  9    XL:     1   Next: 57%
Magic:  4/5        EV: 12    Int: 16    God:
Gold:   40         SH:  0    Dex: 14    Spells: 4/5 levels left

rFire   . . .      SeeInvis .   (no weapon)
rCold   . . .      Faith    .   (no shield)
rNeg    . . .      Spirit   .   a - +0 robe
rPois   .          Reflect  .   (no helmet)
rElec   .          Harm     .   (no cloak)
rCorr   .          Rampage  .   (no gloves)
Will    .....                   (no boots)
Stlth   +.........              (no amulet)
HPRegen 0.04/turn               (no ring)
MPRegen 0.09/turn               (no ring)

@: lethally poisoned (-2 -> -13), glowing
A: sense surroundings 1, otherworldly, glowing, explore regen
a: no special abilities


You were on level 3 of the Dungeon.
You visited 1 branch of the dungeon, and saw 3 of its levels.

You collected 40 gold pieces.

Inventory:

Armour
 a - a +0 robe (worn)
Scrolls
 d - a scroll of teleportation {unknown}
 e - a scroll of magic mapping {unknown}
Potions
 b - a potion of magic
 c - a potion of curing {unknown}


   Skills:
 + Level 2.4 Dodging
 - Level 1.4 Stealth
 + Level 2.7 Spellcasting
 + Level 5.0 Summonings


You had 4 spell levels left.
You knew the following spells:

 Your Spells              Type           Power      Damage    Failure   Level
a - Summon Small Mammal   Summ           72%        N/A       2%          1

Your spell library contained the following spells:

 Spells                   Type           Power      Damage    Failure   Level
 Call Imp                 Summ           18%        N/A       3%          2
 Call Canine Familiar     Summ           18%        N/A       8%          3
 Summon Guardian Golem    Hex/Summ       10%        N/A       21%         3
 Summon Lightning Spire   Summ/Air       10%        N/A       56%         4


Dungeon Overview and Level Annotations

Branches:
Dungeon (3/15) Zot: 1556

Altars:


Innate Abilities, Weirdness & Mutations

You passively map a small area around you.
You are easily found by Zot.
You glow in the dark.
You regain HP and MP as you explore.


Message History

Your quokka closely misses the goblin.
Your bat closely misses the goblin.
Your quokka barely misses the goblin.
The goblin unwields a +0 dagger.
The goblin wields a +0 sling.
The goblin shoots a sling bullet.
The sling bullet hits your bat.
Your quokka bites the goblin.
The goblin dies!
Your Summonings skill increases to level 5!
Found 6 stones.
You see here 6 stones.
Your bat disappears in a puff of smoke!
c - a murky clear potion You open the door.
Your quokka disappears in a puff of smoke!
There is an open door here.
You open the door.
There is an open door here.
Found a short sword.
You see here a +0 short sword.
You now have 23 gold pieces (gained 3).
Found a stone staircase leading down.
You pace your travel speed to your slowest ally.
There is a stone staircase leading down here.
d - a scroll labelled DEVOS WOIXO
There is a stone staircase leading down here.
You climb downwards.
There is a stone staircase leading up here.
You now have 40 gold pieces (gained 17).
e - a scroll labelled COHAUN REMI A scorpion comes into view.
The scorpion stings you.
You are lethally poisoned!
The scorpion poisons you!
Unknown command.
Casting: Summon Small Mammal (safe; 2% risk of failure)
Confirm with . or Enter, or press ? or * to list all spells.
You feel very sick. The scorpion stings you.
* * * LOW HITPOINT WARNING * * *
You swap places.
You die...

############## * *
#..#.#.#.#.#s#, ,
#.#.#.#.#.#r# *, *
##..###.###@##*,* ,
*
######..#.#.#.#.#.#
*, ......#..#.# #.#
#.# .#####.#####
### ## * * .# ##.#
.# ## * .# ## *** *


You could see a scorpion (ally target) and a friendly quokka (summoned).

Vanquished Creatures
  A hobgoblin (D:2)
1 creature vanquished.

Vanquished Creatures (collateral kills)
  A goblin (D:2)
1 creature vanquished.

Grand Total: 2 creatures vanquished

Notes
Turn   | Place    | Note
-------+----------+-------------------------------------------
     0 | D:1      | hawla the Meteoran Summoner began the quest for the Orb.
     0 | D:1      | Reached XP level 1. HP: 14/14 MP: 5/5
   109 | D:2      | Reached skill level 5 in Summonings
   242 | D:3      | Noticed a scorpion
   244 | D:3      | Succumbed to a scorpion's poison

Illustrated notes

Levels and vault maps discovered:
D:1:      dpeg_arrival_line_fractal, layout_basic, shapermc_ecumenical_altar_gd,
          solitary_fountain, minmay_misc_feat_plants, st_stairs_6
D:2:      layout_basic, uniq_terence
D:3:      layout_loops_ring, roderic_roman_lattice, corexii_corridor_pit

Skill      XL: |  1 |
---------------+----+-----
Summonings     | 5 |  5.0
Dodging        | |  2.4
Stealth        | |  1.4
Spellcasting   | |  2.7

Action                   || total
-------------------------++-------
Melee: Unarmed           ||     4
 Cast: Summon Small Mamm ||     7
Dodge: Dodged            ||     4
